WCHLSIM.com - West Coast Hockey League
html PUBLIC "-//W3C//DTD XHTML 1.0 Transitional//EN" "http://www.w3.org/TR/xhtml1/DTD/xhtml1-transitional.dtd"> WCHL - Game 675 - SAN FRANCISCO SPIDERS vs SAN JOSE BRONCOS

SAN FRANCISCO SPIDERS vs SAN JOSE BRONCOS

Created - 21 février 2021 at 20:03

Goals
1 2 3 T
SAN FRANCISCO SPIDERS 0 0 2 2
SAN JOSE BRONCOS 2 3 1 6
Shots
1 2 3 T
SAN FRANCISCO SPIDERS 4 9 5 18
SAN JOSE BRONCOS 9 8 16 33

1st period

1. SAN JOSE BRONCOS , Evgeni Malkin 17 (Claude Giroux 17, Marco Scandella 1) at 7:25
2. SAN JOSE BRONCOS , Charlie Coyle 5 (David Kampf 2, Tyler Motte 3) at 17:07

Penalties :
Alex Chiasson (SAF) for Hooking (Minor) at 14:32

2nd period

3. SAN JOSE BRONCOS , Claude Giroux 21 (Evgeni Malkin 31) at 2:15 (PP)
4. SAN JOSE BRONCOS , Chris Tanev 6 (Evgeni Malkin 32, Claude Giroux 18) at 12:11
5. SAN JOSE BRONCOS , Brayden Point 15 (Elias Lindholm 19, Oliver Bjorkstrand 26) at 19:46

Penalties :
Tyler Myers (SAF) for Tripping (Minor) at 2:07, Darnell Nurse (SAF) for Hooking (Minor) at 3:04, Adam Pelech (SJO) for Boarding (Minor) at 7:11, Adam Pelech (SJO) for Hooking (Minor) at 15:52

3rd period

6. SAN JOSE BRONCOS , Claude Giroux 22 (Evgeni Malkin 33) at 0:20
7. SAN FRANCISCO SPIDERS , Danton Heinen 10 (Andrei Svechnikov 20, Milan Lucic 6) at 7:37 (PP)
8. SAN FRANCISCO SPIDERS , Dominik Kahun 6 (Dominik Simon 5, Calle Jarnkrok 11) at 16:52

Penalties :
Michael Stone (SAF) for Hooking (Minor) at 4:14, Matt Irwin (SJO) for Hooking (Minor) at 7:15, Eric Robinson (SAF) for Hooking (Minor) at 7:50

Goalie Stats

Collin Delia (SAF), 15 saves from 15 shots - (1,000), 19:40 minutes
Jake Kielly (SAF), 12 saves from 18 shots - (0,667), L, 0-1-0, 40:20 minutes
Jacob Markstrom (SJO), 16 saves from 18 shots - (0,889), W, 21-10-3, 60:00 minutes

Players Stats for SAN FRANCISCO SPIDERS

Player Name              G  A  P  +/- PIM S  H  SB GA TA FO     MP     PP MP  PK MP  
------------------------------------------------------------------------------------
Alex Chiasson            0  0  0  -3  2   0  0  0  0  0  0/1     9:44   0:00   0:00 
Alexander Kerfoot        0  0  0  -3  0   3  0  0  0  0  1/1     9:45   0:00   0:00 
Andrei Svechnikov        0  1  1   0  0   1  0  1  0  0  0/0    21:07   2:34   5:04 
Calle Jarnkrok           0  1  1   0  0   2  1  0  0  0  3/10    9:21   0:00   0:00 
Danton Heinen            1  0  1   0  0   2  0  0  0  0  9/28   21:07   2:34   5:04 
Darnell Nurse            0  0  0  -2  2   3  1  1  0  0  0/0    22:01   2:12   3:50 
Dominik Kahun            1  0  1   0  0   1  0  0  0  0  0/1     9:21   0:00   0:00 
Dominik Simon            0  1  1   0  0   0  1  0  0  0  0/0     9:21   0:00   0:00 
Eric Robinson            0  0  0  -1  2   1  0  0  0  0  0/0    15:00   0:00   0:00 
Erik Haula               0  0  0  -3  0   1  0  0  0  0  9/16   14:31   1:46   3:00 
Jordan Oesterle          0  0  0  -1  0   0  2  2  0  0  0/0    18:32   0:00   3:32 
Kirby Dach               0  0  0  -1  0   3  0  0  0  0  4/18   16:47   1:46   0:00 
Michael Stone            0  0  0  -1  2   0  2  1  0  0  0/0    19:21   2:08   2:14 
Milan Lucic              0  1  1   0  0   0  4  0  0  0  1/5    19:03   2:34   3:00 
Nate Schmidt             0  0  0  -1  0   0  0  0  0  0  0/0    15:37   0:00   0:00 
Nico Sturm               0  0  0  -1  0   0  0  0  0  0  1/4    16:47   1:46   0:00 
Sean Walker              0  0  0  -1  0   0  1  2  0  0  0/0    21:17   2:08   2:50 
Tyler Myers              0  0  0  -2  2   1  3  3  0  0  0/0    23:09   2:12   3:42 

Players Stats for SAN JOSE BRONCOS

Player Name              G  A  P  +/- PIM S  H  SB GA TA FO     MP     PP MP  PK MP  
------------------------------------------------------------------------------------
Adam Pelech              0  0  0   1  4   0  1  1  0  0  0/0    19:05   3:23   0:15 
Anthony Beauvillier      0  0  0   0  0   2  2  0  0  0  0/0    12:30   0:08   0:00 
Brayden Point            1  0  1   1  0   1  1  2  0  0  12/21  20:29   4:24   0:00 
Charlie Coyle            1  0  1   1  0   1  0  0  0  0  4/7     5:02   0:00   0:00 
Chris Tanev              1  0  1   1  0   2  1  0  0  0  0/0    22:04   3:23   3:12 
Claude Giroux            2  2  4   2  0   4  1  0  0  0  1/2    19:28   3:40   1:41 
Connor Brown             0  0  0   2  0   2  0  0  0  0  0/0    18:31   4:24   0:00 
David Kampf              0  1  1   1  0   0  0  0  0  0  0/0     5:02   0:00   0:00 
Elias Lindholm           0  1  1   1  0   3  3  0  0  0  2/2    20:29   4:24   0:00 
Evgeni Malkin            1  3  4   2  0   7  1  0  0  0  24/27  20:26   3:40   2:39 
Jaccob Slavin            0  0  0   1  0   3  1  1  0  0  0/0    26:26   4:41   2:23 
Jesper Bratt             0  0  0   0  0   3  2  0  0  0  1/2    12:22   0:00   0:00 
Marco Scandella          0  1  1   2  0   1  0  0  0  0  0/0    13:38   0:00   0:53 
Matt Irwin               0  0  0   2  2   0  2  0  0  0  0/0    12:44   0:00   0:00 
Neal Pionk               0  0  0   1  0   1  0  0  0  0  0/0    26:00   4:41   1:57 
Nick Bonino              0  0  0   0  0   3  0  0  0  0  10/19  14:03   0:00   1:41 
Oliver Bjorkstrand       0  1  1   1  0   0  1  0  0  0  2/4    22:16   3:32   2:39 
Tyler Motte              0  1  1   1  0   0  3  0  0  0  0/0     5:02   0:00   0:00 

3 Stars

1 - Claude Giroux (SJO)
2 - Evgeni Malkin (SJO)
3 - Brayden Point (SJO)

Power Play

SAN FRANCISCO SPIDERS - 1 on 3 Attempt(s) - 33,33%
SAN JOSE BRONCOS - 1 on 5 Attempt(s) - 20,00%

Penalty Kill

SAN FRANCISCO SPIDERS - 4 on 5 Attempt(s) - 80,00% - Score 0 goal in Penalty Kill
SAN JOSE BRONCOS - 2 on 3 Attempt(s) - 66,67% - Score 0 goal in Penalty Kill

Team Stat

SAN FRANCISCO SPIDERS - Hits : 15 - Faceoff Wins : 28 - Blocked Shots : 10 - Penalty Minutes : 10
SAN JOSE BRONCOS - Hits : 19 - Faceoff Wins : 56 - Blocked Shots : 4 - Penalty Minutes : 6

Official

Referees : Dan O'Rourke and Jon McIsaac
Linesman : Travis Toomey and Darren Gibbs

Game Notes

Collin Delia enters game at 0:20 of 3rd period

Finance

Level 1 -- Attendance: 5650 (94,17%) -- Ticket Income 791 000 $
Level 2 -- Attendance: 3974 (79,48%) -- Ticket Income 441 114 $
Level 3 -- Attendance: 2000 (100,00%) -- Ticket Income 160 000 $
Level 4 -- Attendance: 4000 (100,00%) -- Ticket Income 160 000 $
Luxury Box -- Attendance: 915 (91,50%) -- Ticket Income 256 200 $
Total Attendance: 16539 (91,88%)
Total Ticket Income: 1 808 314 $
Other Expense: 18 083 $
Total Income: 1 790 231 $

SAN FRANCISCO SPIDERS

5 vs 5 Forward 
   Center                   Left Wing                Right Wing               Time % Phy DF OF 
 1 Danton Heinen            Milan Lucic              Andrei Svechnikov        30     0   0  5  
 2 Kirby Dach               Eric Robinson            Nico Sturm               30     0   0  5  
 3 Calle Jarnkrok           Dominik Kahun            Dominik Simon            20     0   0  5  
 4 Erik Haula               Alexander Kerfoot        Alex Chiasson            20     0   0  5  

5 vs 5 Defense 
   Defense                  Defense                                           Time % Phy DF OF 
 1 Jordan Oesterle          Michael Stone                                     34     0   5  0  
 2 Tyler Myers              Sean Walker                                       33     0   5  0  
 3 Nate Schmidt             Darnell Nurse                                     32     0   5  0  
 4 Darnell Nurse            Tyler Myers                                       1      0   5  0  

PowerPlay Forward 
   Center                   Left Wing                Right Wing               Time % Phy DF OF 
 1 Danton Heinen            Milan Lucic              Andrei Svechnikov        55     0   1  4  
 2 Erik Haula               Kirby Dach               Nico Sturm               45     0   1  4  

PowerPlay Defense
   Defense                  Defense                                           Time % Phy DF OF 
 1 Michael Stone            Sean Walker                                       55     0   3  2  
 2 Darnell Nurse            Tyler Myers                                       45     0   3  2  

Penalty Kill 4 Players Forward 
   Center                   Wing                     Time % Phy DF OF 
 1 Danton Heinen            Andrei Svechnikov        55     0   4  1  
 2 Milan Lucic              Erik Haula               45     0   4  1  

Penalty Kill 4 Players Defense
   Defense                  Defense                  Time % Phy DF OF 
 1 Jordan Oesterle          Sean Walker              55     0   5  0  
 2 Darnell Nurse            Tyler Myers              45     0   5  0  

Penalty Kill - 3 Players Forward 
   Forward                                           Time % Phy DF OF 
 1 Erik Haula                                        55     0   5  0  
 2 Andrei Svechnikov                                 45     0   5  0  

Penalty Kill - 3 Players Defense
   Defense                  Defense                  Time % Phy DF OF 
 1 Sean Walker              Jordan Oesterle          55     0   5  0  
 2 Darnell Nurse            Tyler Myers              45     0   5  0  

4 vs 4 Forward 
   Center                   Wing                     Time % Phy DF OF 
 1 Milan Lucic              Andrei Svechnikov        55     1   1  3  
 2 Kirby Dach               Erik Haula               45     1   1  3  

4 vs 4 Defense
   Defense                  Defense                  Time % Phy DF OF 
 1 Michael Stone            Sean Walker              55     1   3  1  
 2 Tyler Myers              Darnell Nurse            45     0   5  0  

Last Minutes Offensive
   Center                   Left Wing                Right Wing               Defense                  Defense                  
   Erik Haula               Eric Robinson            Andrei Svechnikov        Tyler Myers              Michael Stone            

Last Minutes Defensive
   Center                   Left Wing                Right Wing               Defense                  Defense                  
   Erik Haula               Eric Robinson            Andrei Svechnikov        Tyler Myers              Michael Stone            

Goaltenders
Starting : Jake Kielly              
Backup : Collin Delia             

Extra Forwards
Normal : Kirby Dach, Nico Sturm, Danton Heinen - PP : Kirby Dach, Nico Sturm - PK : Danton Heinen
Extra Defensemen
Normal : Sean Walker, Darnell Nurse, Tyler Myers - PP : Tyler Myers - PK : Tyler Myers, Darnell Nurse
Penalty Shots
Danton Heinen, Andrei Svechnikov, Nico Sturm, Erik Haula, Milan Lucic
Custom OT Lines Forwards
Eric Robinson, Andrei Svechnikov, Nico Sturm, Erik Haula, Milan Lucic, Calle Jarnkrok, Danton Heinen, Dominik Kahun, Alexander Kerfoot, Kirby Dach
Custom OT Lines Defensemen
Tyler Myers, Darnell Nurse, Jordan Oesterle, Sean Walker, Nate Schmidt

Scratches
Michael Anderson (Right Foot Injury), Igor Shesterkin (Back Injury), Malcolm Subban (Strained Groin Injury)

SAN JOSE BRONCOS

5 vs 5 Forward 
   Center                   Left Wing                Right Wing               Time % Phy DF OF 
 1 Brayden Point            Oliver Bjorkstrand       Elias Lindholm           36     1   2  2  
 2 Evgeni Malkin            Claude Giroux            Connor Brown             33     1   2  2  
 3 Nick Bonino              Anthony Beauvillier      Jesper Bratt             25     1   2  2  
 4 Charlie Coyle            Tyler Motte              David Kampf              6      1   2  2  

5 vs 5 Defense 
   Defense                  Defense                                           Time % Phy DF OF 
 1 Jaccob Slavin            Neal Pionk                                        40     1   2  2  
 2 Chris Tanev              Adam Pelech                                       35     1   2  2  
 3 Marco Scandella          Matt Irwin                                        25     1   2  2  
 4 Jaccob Slavin            Neal Pionk                                        0      1   2  2  

PowerPlay Forward 
   Center                   Left Wing                Right Wing               Time % Phy DF OF 
 1 Brayden Point            Elias Lindholm           Connor Brown             60     1   2  2  
 2 Evgeni Malkin            Claude Giroux            Oliver Bjorkstrand       40     1   2  2  

PowerPlay Defense
   Defense                  Defense                                           Time % Phy DF OF 
 1 Jaccob Slavin            Neal Pionk                                        60     1   2  2  
 2 Adam Pelech              Chris Tanev                                       40     1   2  2  

Penalty Kill 4 Players Forward 
   Center                   Wing                     Time % Phy DF OF 
 1 Evgeni Malkin            Oliver Bjorkstrand       50     1   2  2  
 2 Nick Bonino              Claude Giroux            50     1   2  2  

Penalty Kill 4 Players Defense
   Defense                  Defense                  Time % Phy DF OF 
 1 Jaccob Slavin            Chris Tanev              50     1   2  2  
 2 Neal Pionk               Adam Pelech              50     1   2  2  

Penalty Kill - 3 Players Forward 
   Forward                                           Time % Phy DF OF 
 1 Nick Bonino                                       50     1   2  2  
 2 Evgeni Malkin                                     50     1   2  2  

Penalty Kill - 3 Players Defense
   Defense                  Defense                  Time % Phy DF OF 
 1 Jaccob Slavin            Chris Tanev              55     1   2  2  
 2 Marco Scandella          Adam Pelech              45     1   2  2  

4 vs 4 Forward 
   Center                   Wing                     Time % Phy DF OF 
 1 Brayden Point            Claude Giroux            50     1   2  2  
 2 Elias Lindholm           Anthony Beauvillier      50     1   2  2  

4 vs 4 Defense
   Defense                  Defense                  Time % Phy DF OF 
 1 Chris Tanev              Marco Scandella          50     1   2  2  
 2 Adam Pelech              Jaccob Slavin            50     1   2  2  

Last Minutes Offensive
   Center                   Left Wing                Right Wing               Defense                  Defense                  
   Evgeni Malkin            Claude Giroux            Elias Lindholm           Jaccob Slavin            Neal Pionk               

Last Minutes Defensive
   Center                   Left Wing                Right Wing               Defense                  Defense                  
   Evgeni Malkin            Oliver Bjorkstrand       Connor Brown             Chris Tanev              Jaccob Slavin            

Goaltenders
Starting : Jacob Markstrom          
Backup : Petr Mrazek              

Extra Forwards
Normal : Connor Brown, Elias Lindholm, Charlie Coyle - PP : Oliver Bjorkstrand, Anthony Beauvillier - PK : Charlie Coyle
Extra Defensemen
Normal : Chris Tanev, Neal Pionk, Adam Pelech - PP : Chris Tanev - PK : Chris Tanev, Adam Pelech
Penalty Shots
Brayden Point, Elias Lindholm, Connor Brown, Oliver Bjorkstrand, Claude Giroux
Custom OT Lines Forwards
Brayden Point, Claude Giroux, Evgeni Malkin, Oliver Bjorkstrand, Elias Lindholm, Connor Brown, Nick Bonino, Anthony Beauvillier, Charlie Coyle, Jesper Bratt
Custom OT Lines Defensemen
Jaccob Slavin, Neal Pionk, Chris Tanev, Adam Pelech, Marco Scandella

Scratches
Hampus Lindholm (Bruised Left Leg Injury)

% Time on Ice - SAN FRANCISCO SPIDERS

Lines # - Real PCT - Wanted PCT - Time Play
Normal Forward
1 - 28% - 30% - 13:29
2 - 32% - 30% - 15:01
3 - 20% - 20% - 9:21
4 - 20% - 20% - 9:45
Normal Defense
1 - 32% - 34% - 15:00
2 - 34% - 33% - 16:19
3 - 33% - 32% - 15:37
4 - 1% - 1% - 0:40
PP Forward
1 - 59% - 55% - 2:34
2 - 41% - 45% - 1:46
PP Defense
1 - 49% - 55% - 2:08
2 - 51% - 45% - 2:12
PK Forward
1 - 63% - 55% - 5:04
2 - 37% - 45% - 3:00
PK Defense
1 - 47% - 55% - 3:46
2 - 53% - 45% - 4:18
PK3 Forward
1 - 0% - 55%
2 - 0% - 45%
PK3 Defense
1 - 0% - 55%
2 - 0% - 45%
44 Forward
1 - 0% - 55%
2 - 0% - 45%
44 Defense
1 - 0% - 55%
2 - 0% - 45%
Last Minute Offensive  - 0:00
Last Minute Defensive  - 0:00
Total
Forward - 60:00
Defense - 60:00

% Time on Ice - SAN JOSE BRONCOS

Lines # - Real PCT - Wanted PCT - Time Play
Normal Forward
1 - 34% - 36% - 16:05
2 - 30% - 33% - 14:07
3 - 26% - 25% - 12:22
4 - 11% - 6% - 5:02
Normal Defense
1 - 41% - 40% - 19:22
2 - 33% - 35% - 15:29
3 - 27% - 25% - 12:45
4 - 0% - 0% - 0:00
PP Forward
1 - 55% - 60% - 4:24
2 - 45% - 40% - 3:40
PP Defense
1 - 58% - 60% - 4:41
2 - 42% - 40% - 3:23
PK Forward
1 - 61% - 50% - 2:39
2 - 39% - 50% - 1:41
PK Defense
1 - 31% - 50% - 1:21
2 - 69% - 50% - 2:59
PK3 Forward
1 - 0% - 50%
2 - 0% - 50%
PK3 Defense
1 - 0% - 55%
2 - 0% - 45%
44 Forward
1 - 0% - 50%
2 - 0% - 50%
44 Defense
1 - 0% - 50%
2 - 0% - 50%
Last Minute Offensive  - 0:00
Last Minute Defensive  - 0:00
Total
Forward - 60:00
Defense - 60:00

Play-by-Play

1st period


0:01 of 1st period - Brayden Point wins face-off versus Milan Lucic in neutral zone.
1:00 of 1st period - Shot by Eric Robinson.
1:00 of 1st period - Stopped by Jacob Markstrom without a rebound.
1:01 of 1st period - Evgeni Malkin wins face-off versus Calle Jarnkrok in SAN JOSE BRONCOS zone.
1:26 of 1st period - Off-side.
1:27 of 1st period - Erik Haula wins face-off versus Nick Bonino in neutral zone.
1:42 of 1st period - Shot by Alexander Kerfoot.
1:42 of 1st period - Stopped by Jacob Markstrom without a rebound.
1:43 of 1st period - Evgeni Malkin wins face-off versus Kirby Dach in SAN JOSE BRONCOS zone.
1:45 of 1st period - Icing by Claude Giroux.
1:46 of 1st period - Evgeni Malkin wins face-off versus Nico Sturm in SAN JOSE BRONCOS zone.
1:51 of 1st period - Darnell Nurse is hit by Evgeni Malkin and loses puck.
2:22 of 1st period - Shot by Connor Brown.
2:22 of 1st period - Stopped by Jake Kielly without a rebound.
2:23 of 1st period - Erik Haula wins face-off versus Nick Bonino in SAN FRANCISCO SPIDERS zone.
2:35 of 1st period - Off-side.
2:36 of 1st period - Calle Jarnkrok wins face-off versus Charlie Coyle in neutral zone.
4:19 of 1st period - Nick Bonino is hit by Tyler Myers and loses puck.
4:35 of 1st period - Icing by Andrei Svechnikov.
4:36 of 1st period - Oliver Bjorkstrand wins face-off versus Danton Heinen in SAN FRANCISCO SPIDERS zone.
4:36 of 1st period - Brayden Point is hit by Tyler Myers and loses puck.
5:16 of 1st period - Shot by Nate Schmidt.
5:16 of 1st period - Shot Misses the Net.
5:34 of 1st period - Shot by Kirby Dach.
5:34 of 1st period - Shot Misses the Net.
6:20 of 1st period - Alexander Kerfoot is hit by Chris Tanev and loses puck.
6:41 of 1st period - Shot by Alexander Kerfoot.
6:41 of 1st period - Shot Blocked by Adam Pelech.
7:05 of 1st period - Shot by Evgeni Malkin.
7:05 of 1st period - Shot Blocked by Tyler Myers.
7:07 of 1st period - Shot by Connor Brown.
7:07 of 1st period - Shot Misses the Net.
7:23 of 1st period - Shot by Evgeni Malkin.
7:23 of 1st period - Stopped by Jake Kielly with a rebound.
7:25 of 1st period - Shot by Evgeni Malkin.
7:25 of 1st period - Goal by Evgeni Malkin - SAN FRANCISCO SPIDERS : 0 - SAN JOSE BRONCOS : 1.
7:26 of 1st period - Nick Bonino wins face-off versus Milan Lucic in neutral zone.
7:26 of 1st period - Nick Bonino is hit by Milan Lucic.
7:48 of 1st period - Shot by Nick Bonino.
7:48 of 1st period - Stopped by Jake Kielly with a rebound.
8:47 of 1st period - Alex Chiasson is hit by Matt Irwin and loses puck.
8:58 of 1st period - Tyler Myers is hit by Claude Giroux.
9:17 of 1st period - Kirby Dach is hit by Matt Irwin and loses puck.
9:56 of 1st period - Icing by Marco Scandella.
9:57 of 1st period - Evgeni Malkin wins face-off versus Calle Jarnkrok in SAN JOSE BRONCOS zone.
10:16 of 1st period - Tyler Myers is hit by Anthony Beauvillier and loses puck.
10:33 of 1st period - Nick Bonino is hit by Dominik Simon and loses puck.
11:19 of 1st period - Icing by Adam Pelech.
11:20 of 1st period - Brayden Point wins face-off versus Kirby Dach in SAN JOSE BRONCOS zone.
11:42 of 1st period - Shot by Eric Robinson.
11:42 of 1st period - Deflect By Kirby Dach.
11:42 of 1st period - Stopped by Jacob Markstrom without a rebound.
11:43 of 1st period - Charlie Coyle wins face-off versus Danton Heinen in SAN JOSE BRONCOS zone.
11:50 of 1st period - Andrei Svechnikov is hit by Tyler Motte and loses puck.
12:17 of 1st period - Shot by Charlie Coyle.
12:17 of 1st period - Shot Blocked by Jordan Oesterle.
12:19 of 1st period - Shot by Jaccob Slavin.
12:19 of 1st period - Shot Blocked by Michael Stone.
12:21 of 1st period - Shot by David Kampf.
12:21 of 1st period - Shot Blocked by Jordan Oesterle.
12:38 of 1st period - Icing by Chris Tanev.
12:39 of 1st period - Kirby Dach wins face-off versus Brayden Point in SAN JOSE BRONCOS zone.
14:18 of 1st period - Shot by Anthony Beauvillier.
14:18 of 1st period - Stopped by Jake Kielly without a rebound.
14:19 of 1st period - Erik Haula wins face-off versus Nick Bonino in SAN FRANCISCO SPIDERS zone.
14:19 of 1st period - Erik Haula is hit by Anthony Beauvillier.
14:32 of 1st period - Minor Penalty to Alex Chiasson for Hooking.
14:33 of 1st period - Brayden Point wins face-off versus Danton Heinen in SAN FRANCISCO SPIDERS zone.
14:34 of 1st period - Shot by Connor Brown.
14:34 of 1st period - Stopped by Jake Kielly without a rebound.
14:35 of 1st period - Danton Heinen wins face-off versus Brayden Point in SAN FRANCISCO SPIDERS zone.
16:02 of 1st period - Shot by Evgeni Malkin.
16:02 of 1st period - Shot Misses the Net.
16:30 of 1st period - Shot by Elias Lindholm.
16:30 of 1st period - Shot Misses the Net.
16:46 of 1st period - Shot by Anthony Beauvillier.
16:46 of 1st period - Shot Misses the Net.
16:48 of 1st period - Shot by Marco Scandella.
16:48 of 1st period - Stopped by Jake Kielly without a rebound.
16:49 of 1st period - Charlie Coyle wins face-off versus Erik Haula in SAN FRANCISCO SPIDERS zone.
17:07 of 1st period - Shot by Charlie Coyle.
17:07 of 1st period - Goal by Charlie Coyle - SAN FRANCISCO SPIDERS : 0 - SAN JOSE BRONCOS : 2.
17:08 of 1st period - Nick Bonino wins face-off versus Calle Jarnkrok in neutral zone.
17:22 of 1st period - Shot by Nick Bonino.
17:22 of 1st period - Shot Misses the Net.
17:30 of 1st period - Shot by Anthony Beauvillier.
17:30 of 1st period - Shot Hit the Post.
17:37 of 1st period - Off-side.
17:38 of 1st period - Danton Heinen wins face-off versus Claude Giroux in neutral zone.
17:49 of 1st period - Shot by Danton Heinen.
17:49 of 1st period - Stopped by Jacob Markstrom with a rebound.
18:11 of 1st period - Shot by Connor Brown.
18:11 of 1st period - Shot Misses the Net.
18:13 of 1st period - Shot by Evgeni Malkin.
18:13 of 1st period - Shot Misses the Net.
18:15 of 1st period - Shot by Chris Tanev.
18:15 of 1st period - Shot Blocked by Tyler Myers.
18:17 of 1st period - Shot by Claude Giroux.
18:17 of 1st period - Stopped by Jake Kielly without a rebound.
18:18 of 1st period - Brayden Point wins face-off versus Kirby Dach in SAN FRANCISCO SPIDERS zone.
19:00 of 1st period - Icing by Darnell Nurse.
19:01 of 1st period - Evgeni Malkin wins face-off versus Kirby Dach in SAN FRANCISCO SPIDERS zone.
19:14 of 1st period - Icing by Evgeni Malkin.
19:15 of 1st period - Evgeni Malkin wins face-off versus Danton Heinen in SAN JOSE BRONCOS zone.
19:57 of 1st period - Claude Giroux is hit by Michael Stone and loses puck.
Goals for this period are 0 for SAN FRANCISCO SPIDERS vs 2 for SAN JOSE BRONCOS.
Shots for this period are 4 for SAN FRANCISCO SPIDERS vs 9 for SAN JOSE BRONCOS.

2nd period


0:01 of 2nd period - Erik Haula wins face-off versus Oliver Bjorkstrand in neutral zone.
0:07 of 2nd period - Icing by Oliver Bjorkstrand.
0:08 of 2nd period - Erik Haula wins face-off versus Brayden Point in SAN JOSE BRONCOS zone.
0:19 of 2nd period - Shot by Erik Haula.
0:19 of 2nd period - Shot Misses the Net.
0:24 of 2nd period - Icing by Neal Pionk.
0:25 of 2nd period - Brayden Point wins face-off versus Calle Jarnkrok in SAN JOSE BRONCOS zone.
0:54 of 2nd period - Shot by Calle Jarnkrok.
0:54 of 2nd period - Shot Blocked by Brayden Point.
2:00 of 2nd period - Shot by Nick Bonino.
2:00 of 2nd period - Stopped by Jake Kielly without a rebound.
2:01 of 2nd period - Evgeni Malkin wins face-off versus Kirby Dach in SAN FRANCISCO SPIDERS zone.
2:07 of 2nd period - Minor Penalty to Tyler Myers for Tripping.
2:08 of 2nd period - Evgeni Malkin wins face-off versus Danton Heinen in SAN FRANCISCO SPIDERS zone.
2:11 of 2nd period - Shot by Evgeni Malkin.
2:11 of 2nd period - Shot Hit the Post.
2:13 of 2nd period - Shot by Evgeni Malkin.
2:13 of 2nd period - Stopped by Jake Kielly with a rebound.
2:15 of 2nd period - Shot by Claude Giroux.
2:15 of 2nd period - Goal by Claude Giroux - SAN FRANCISCO SPIDERS : 0 - SAN JOSE BRONCOS : 3.
2:16 of 2nd period - Erik Haula wins face-off versus Jesper Bratt in neutral zone.
2:23 of 2nd period - Tyler Myers is hit by Jesper Bratt and loses puck.
2:34 of 2nd period - Shot by Nick Bonino.
2:34 of 2nd period - Deflect By Anthony Beauvillier.
2:34 of 2nd period - Stopped by Jake Kielly without a rebound.
2:35 of 2nd period - Claude Giroux wins face-off versus Nico Sturm in SAN FRANCISCO SPIDERS zone.
2:47 of 2nd period - Shot by Claude Giroux.
2:47 of 2nd period - Shot Misses the Net.
3:04 of 2nd period - Minor Penalty to Darnell Nurse for Hooking.
3:05 of 2nd period - Elias Lindholm wins face-off versus Danton Heinen in SAN FRANCISCO SPIDERS zone.
3:32 of 2nd period - Shot by Neal Pionk.
3:32 of 2nd period - Shot Misses the Net.
3:44 of 2nd period - Shot by Jaccob Slavin.
3:44 of 2nd period - Shot Blocked by Tyler Myers.
4:21 of 2nd period - Claude Giroux is hit by Sean Walker and loses puck.
4:35 of 2nd period - Evgeni Malkin is hit by Jordan Oesterle and loses puck.
5:08 of 2nd period - Shot by Anthony Beauvillier.
5:08 of 2nd period - Shot Misses the Net.
5:18 of 2nd period - Shot by Jesper Bratt.
5:18 of 2nd period - Stopped by Jake Kielly without a rebound.
5:19 of 2nd period - Calle Jarnkrok wins face-off versus Charlie Coyle in SAN FRANCISCO SPIDERS zone.
5:19 of 2nd period - Calle Jarnkrok is hit by Tyler Motte.
5:47 of 2nd period - Shot by Calle Jarnkrok.
5:47 of 2nd period - Stopped by Jacob Markstrom without a rebound.
5:48 of 2nd period - Kirby Dach wins face-off versus Nick Bonino in SAN JOSE BRONCOS zone.
5:55 of 2nd period - Shot by Anthony Beauvillier.
5:55 of 2nd period - Shot Misses the Net.
6:09 of 2nd period - Shot by Nick Bonino.
6:09 of 2nd period - Shot Hit the Post.
6:45 of 2nd period - Icing by Nick Bonino.
6:46 of 2nd period - Jesper Bratt wins face-off versus Danton Heinen in SAN JOSE BRONCOS zone.
6:46 of 2nd period - Jesper Bratt is hit by Milan Lucic.
6:51 of 2nd period - Neal Pionk is hit by Michael Stone and loses puck.
7:11 of 2nd period - Minor Penalty to Adam Pelech for Boarding.
7:12 of 2nd period - Evgeni Malkin wins face-off versus Danton Heinen in SAN JOSE BRONCOS zone.
7:12 of 2nd period - Evgeni Malkin is hit by Milan Lucic.
7:32 of 2nd period - Shot by Darnell Nurse.
7:32 of 2nd period - Stopped by Jacob Markstrom without a rebound.
7:33 of 2nd period - Nico Sturm wins face-off versus Nick Bonino in SAN JOSE BRONCOS zone.
7:42 of 2nd period - Shot by Erik Haula.
7:42 of 2nd period - Deflect By Kirby Dach.
7:42 of 2nd period - Stopped by Jacob Markstrom without a rebound.
7:43 of 2nd period - Evgeni Malkin wins face-off versus Erik Haula in SAN JOSE BRONCOS zone.
7:49 of 2nd period - Icing by Michael Stone.
7:50 of 2nd period - Evgeni Malkin wins face-off versus Erik Haula in SAN FRANCISCO SPIDERS zone.
8:13 of 2nd period - Shot by Sean Walker.
8:13 of 2nd period - Shot Misses the Net.
8:15 of 2nd period - Shot by Erik Haula.
8:15 of 2nd period - Stopped by Jacob Markstrom with a rebound.
8:17 of 2nd period - Shot by Michael Stone.
8:17 of 2nd period - Shot Misses the Net.
8:45 of 2nd period - Shot by Andrei Svechnikov.
8:45 of 2nd period - Stopped by Jacob Markstrom with a rebound.
8:47 of 2nd period - Shot by Darnell Nurse.
8:47 of 2nd period - Stopped by Jacob Markstrom with a rebound.
8:49 of 2nd period - Shot by Tyler Myers.
8:49 of 2nd period - Shot Blocked by Jaccob Slavin.
8:51 of 2nd period - Shot by Tyler Myers.
8:51 of 2nd period - Shot Misses the Net.
8:53 of 2nd period - Shot by Tyler Myers.
8:53 of 2nd period - Stopped by Jacob Markstrom without a rebound.
8:54 of 2nd period - Danton Heinen wins face-off versus Nick Bonino in SAN JOSE BRONCOS zone.
10:55 of 2nd period - Icing by Sean Walker.
10:56 of 2nd period - Evgeni Malkin wins face-off versus Danton Heinen in SAN FRANCISCO SPIDERS zone.
10:59 of 2nd period - Shot by Evgeni Malkin.
10:59 of 2nd period - Shot Misses the Net.
11:01 of 2nd period - Shot by Chris Tanev.
11:01 of 2nd period - Shot Blocked by Andrei Svechnikov.
11:12 of 2nd period - Off-side.
11:13 of 2nd period - Brayden Point wins face-off versus Erik Haula in neutral zone.
11:16 of 2nd period - Alexander Kerfoot is hit by Oliver Bjorkstrand.
11:48 of 2nd period - Shot by Alexander Kerfoot.
11:48 of 2nd period - Shot Misses the Net.
12:03 of 2nd period - Icing by Nate Schmidt.
12:04 of 2nd period - Evgeni Malkin wins face-off versus Alex Chiasson in SAN FRANCISCO SPIDERS zone.
12:09 of 2nd period - Shot by Evgeni Malkin.
12:09 of 2nd period - Stopped by Jake Kielly with a rebound.
12:11 of 2nd period - Shot by Chris Tanev.
12:11 of 2nd period - Goal by Chris Tanev - SAN FRANCISCO SPIDERS : 0 - SAN JOSE BRONCOS : 4.
12:12 of 2nd period - Evgeni Malkin wins face-off versus Danton Heinen in neutral zone.
12:23 of 2nd period - Shot by Evgeni Malkin.
12:23 of 2nd period - Shot Blocked by Sean Walker.
12:25 of 2nd period - Shot by Adam Pelech.
12:25 of 2nd period - Shot Misses the Net.
12:52 of 2nd period - Icing by Tyler Myers.
12:53 of 2nd period - Danton Heinen wins face-off versus Oliver Bjorkstrand in SAN FRANCISCO SPIDERS zone.
12:53 of 2nd period - Danton Heinen is hit by Brayden Point.
13:01 of 2nd period - Shot by Danton Heinen.
13:01 of 2nd period - Shot Blocked by Brayden Point.
14:00 of 2nd period - Icing by Marco Scandella.
14:01 of 2nd period - Nick Bonino wins face-off versus Kirby Dach in SAN JOSE BRONCOS zone.
14:07 of 2nd period - Off-side.
14:08 of 2nd period - Evgeni Malkin wins face-off versus Kirby Dach in neutral zone.
14:21 of 2nd period - Shot by Kirby Dach.
14:21 of 2nd period - Deflect By Eric Robinson.
14:21 of 2nd period - Shot Misses the Net.
14:23 of 2nd period - Shot by Kirby Dach.
14:23 of 2nd period - Stopped by Jacob Markstrom without a rebound.
14:24 of 2nd period - Erik Haula wins face-off versus Brayden Point in SAN JOSE BRONCOS zone.
14:32 of 2nd period - Darnell Nurse is hit by Elias Lindholm and loses puck.
14:53 of 2nd period - Shot by Alexander Kerfoot.
14:53 of 2nd period - Shot Misses the Net.
14:55 of 2nd period - Shot by Darnell Nurse.
14:55 of 2nd period - Shot Misses the Net.
14:57 of 2nd period - Shot by Alexander Kerfoot.
14:57 of 2nd period - Shot Misses the Net.
15:50 of 2nd period - Icing by Chris Tanev.
15:51 of 2nd period - Calle Jarnkrok wins face-off versus Evgeni Malkin in SAN JOSE BRONCOS zone.
15:51 of 2nd period - Calle Jarnkrok is hit by Adam Pelech.
15:52 of 2nd period - Minor Penalty to Adam Pelech for Hooking.
15:53 of 2nd period - Nick Bonino wins face-off versus Danton Heinen in SAN JOSE BRONCOS zone.
16:10 of 2nd period - Shot by Darnell Nurse.
16:10 of 2nd period - Stopped by Jacob Markstrom without a rebound.
16:11 of 2nd period - Erik Haula wins face-off versus Nick Bonino in SAN JOSE BRONCOS zone.
17:38 of 2nd period - Icing by Andrei Svechnikov.
17:39 of 2nd period - Nick Bonino wins face-off versus Danton Heinen in SAN FRANCISCO SPIDERS zone.
17:57 of 2nd period - Off-side.
17:58 of 2nd period - Charlie Coyle wins face-off versus Calle Jarnkrok in neutral zone.
18:05 of 2nd period - Dominik Simon is hit by Tyler Motte.
19:38 of 2nd period - Icing by Tyler Myers.
19:39 of 2nd period - Brayden Point wins face-off versus Erik Haula in SAN FRANCISCO SPIDERS zone.
19:46 of 2nd period - Shot by Elias Lindholm.
19:46 of 2nd period - Deflect By Brayden Point.
19:46 of 2nd period - Goal by Brayden Point - SAN FRANCISCO SPIDERS : 0 - SAN JOSE BRONCOS : 5.
19:47 of 2nd period - Brayden Point wins face-off versus Kirby Dach in neutral zone.
Goals for this period are 0 for SAN FRANCISCO SPIDERS vs 3 for SAN JOSE BRONCOS.
Shots for this period are 9 for SAN FRANCISCO SPIDERS vs 8 for SAN JOSE BRONCOS.

3rd period


0:01 of 3rd period - Evgeni Malkin wins face-off versus Kirby Dach in neutral zone.
0:20 of 3rd period - Shot by Evgeni Malkin.
0:20 of 3rd period - Deflect By Claude Giroux.
0:20 of 3rd period - Goal by Claude Giroux - SAN FRANCISCO SPIDERS : 0 - SAN JOSE BRONCOS : 6.
0:20 of 3rd period - Collin Delia enters game.
0:21 of 3rd period - Oliver Bjorkstrand wins face-off versus Danton Heinen in neutral zone.
1:04 of 3rd period - Shot by Brayden Point.
1:04 of 3rd period - Shot Misses the Net.
1:52 of 3rd period - Shot by Evgeni Malkin.
1:52 of 3rd period - Shot Misses the Net.
1:57 of 3rd period - Evgeni Malkin is hit by Darnell Nurse and loses puck.
2:11 of 3rd period - Off-side.
2:12 of 3rd period - Kirby Dach wins face-off versus Nick Bonino in neutral zone.
2:12 of 3rd period - Jordan Oesterle is hit by Jesper Bratt.
2:18 of 3rd period - Shot by Nick Bonino.
2:18 of 3rd period - Shot Misses the Net.
2:23 of 3rd period - Icing by Michael Stone.
2:24 of 3rd period - Brayden Point wins face-off versus Nico Sturm in SAN FRANCISCO SPIDERS zone.
2:27 of 3rd period - Shot by Brayden Point.
2:27 of 3rd period - Shot Misses the Net.
2:29 of 3rd period - Shot by Jaccob Slavin.
2:29 of 3rd period - Stopped by Collin Delia without a rebound.
2:30 of 3rd period - Nick Bonino wins face-off versus Erik Haula in SAN FRANCISCO SPIDERS zone.
2:49 of 3rd period - Shot by Alexander Kerfoot.
2:49 of 3rd period - Stopped by Jacob Markstrom without a rebound.
2:50 of 3rd period - Evgeni Malkin wins face-off versus Kirby Dach in SAN JOSE BRONCOS zone.
3:07 of 3rd period - Shot by Evgeni Malkin.
3:07 of 3rd period - Stopped by Collin Delia without a rebound.
3:08 of 3rd period - Erik Haula wins face-off versus Brayden Point in SAN FRANCISCO SPIDERS zone.
3:21 of 3rd period - Shot by Oliver Bjorkstrand.
3:21 of 3rd period - Shot Misses the Net.
3:30 of 3rd period - Off-side.
3:31 of 3rd period - Evgeni Malkin wins face-off versus Kirby Dach in neutral zone.
4:05 of 3rd period - Shot by Evgeni Malkin.
4:05 of 3rd period - Shot Misses the Net.
4:14 of 3rd period - Minor Penalty to Michael Stone for Hooking.
4:15 of 3rd period - Danton Heinen wins face-off versus Brayden Point in SAN FRANCISCO SPIDERS zone.
4:15 of 3rd period - Danton Heinen is hit by Elias Lindholm.
4:37 of 3rd period - Shot by Jaccob Slavin.
4:37 of 3rd period - Shot Misses the Net.
4:39 of 3rd period - Shot by Connor Brown.
4:39 of 3rd period - Shot Misses the Net.
4:41 of 3rd period - Shot by Jaccob Slavin.
4:41 of 3rd period - Stopped by Collin Delia without a rebound.
4:42 of 3rd period - Evgeni Malkin wins face-off versus Milan Lucic in SAN FRANCISCO SPIDERS zone.
5:09 of 3rd period - Shot by Evgeni Malkin.
5:09 of 3rd period - Deflect By Claude Giroux.
5:09 of 3rd period - Stopped by Collin Delia without a rebound.
5:10 of 3rd period - Danton Heinen wins face-off versus Brayden Point in SAN FRANCISCO SPIDERS zone.
5:44 of 3rd period - Shot by Brayden Point.
5:44 of 3rd period - Shot Misses the Net.
5:46 of 3rd period - Shot by Chris Tanev.
5:46 of 3rd period - Stopped by Collin Delia without a rebound.
5:47 of 3rd period - Milan Lucic wins face-off versus Evgeni Malkin in SAN FRANCISCO SPIDERS zone.
6:51 of 3rd period - Icing by Marco Scandella.
6:52 of 3rd period - Nick Bonino wins face-off versus Dominik Kahun in SAN JOSE BRONCOS zone.
6:52 of 3rd period - Nick Bonino is hit by Calle Jarnkrok.
6:59 of 3rd period - Nick Bonino is hit by Tyler Myers and loses puck.
7:15 of 3rd period - Minor Penalty to Matt Irwin for Hooking.
7:16 of 3rd period - Evgeni Malkin wins face-off versus Danton Heinen in SAN JOSE BRONCOS zone.
7:16 of 3rd period - Evgeni Malkin is hit by Milan Lucic.
7:37 of 3rd period - Shot by Danton Heinen.
7:37 of 3rd period - Goal by Danton Heinen - SAN FRANCISCO SPIDERS : 1 - SAN JOSE BRONCOS : 6.
7:38 of 3rd period - Charlie Coyle wins face-off versus Kirby Dach in neutral zone.
7:41 of 3rd period - Shot by Neal Pionk.
7:41 of 3rd period - Shot Misses the Net.
7:50 of 3rd period - Minor Penalty to Eric Robinson for Hooking.
7:51 of 3rd period - Danton Heinen wins face-off versus Brayden Point in SAN FRANCISCO SPIDERS zone.
8:02 of 3rd period - Shot by Neal Pionk.
8:02 of 3rd period - Stopped by Collin Delia without a rebound.
8:03 of 3rd period - Brayden Point wins face-off versus Danton Heinen in SAN FRANCISCO SPIDERS zone.
8:30 of 3rd period - Shot by Elias Lindholm.
8:30 of 3rd period - Stopped by Collin Delia without a rebound.
8:31 of 3rd period - Evgeni Malkin wins face-off versus Milan Lucic in SAN FRANCISCO SPIDERS zone.
10:03 of 3rd period - Shot by Kirby Dach.
10:03 of 3rd period - Shot Misses the Net.
10:27 of 3rd period - Icing by Matt Irwin.
10:28 of 3rd period - Nick Bonino wins face-off versus Erik Haula in SAN JOSE BRONCOS zone.
10:49 of 3rd period - Shot by Erik Haula.
10:49 of 3rd period - Deflect By Alexander Kerfoot.
10:49 of 3rd period - Stopped by Jacob Markstrom with a rebound.
11:03 of 3rd period - Shot by Alex Chiasson.
11:03 of 3rd period - Shot Misses the Net.
11:20 of 3rd period - Shot by Dominik Simon.
11:20 of 3rd period - Deflect By Calle Jarnkrok.
11:20 of 3rd period - Stopped by Jacob Markstrom without a rebound.
11:21 of 3rd period - Brayden Point wins face-off versus Calle Jarnkrok in SAN JOSE BRONCOS zone.
11:32 of 3rd period - Shot by Oliver Bjorkstrand.
11:32 of 3rd period - Shot Misses the Net.
12:04 of 3rd period - Shot by Elias Lindholm.
12:04 of 3rd period - Stopped by Collin Delia without a rebound.
12:05 of 3rd period - Evgeni Malkin wins face-off versus Danton Heinen in SAN FRANCISCO SPIDERS zone.
13:14 of 3rd period - Off-side.
13:15 of 3rd period - Alexander Kerfoot wins face-off versus Brayden Point in neutral zone.
14:00 of 3rd period - Shot by Elias Lindholm.
14:00 of 3rd period - Stopped by Collin Delia with a rebound.
14:02 of 3rd period - Shot by Brayden Point.
14:02 of 3rd period - Shot Blocked by Sean Walker.
14:43 of 3rd period - Shot by Nick Bonino.
14:43 of 3rd period - Shot Misses the Net.
14:45 of 3rd period - Shot by Nick Bonino.
14:45 of 3rd period - Shot Misses the Net.
14:47 of 3rd period - Shot by Jesper Bratt.
14:47 of 3rd period - Stopped by Collin Delia without a rebound.
14:48 of 3rd period - Danton Heinen wins face-off versus Evgeni Malkin in SAN FRANCISCO SPIDERS zone.
14:53 of 3rd period - Shot by Evgeni Malkin.
14:53 of 3rd period - Stopped by Collin Delia without a rebound.
14:54 of 3rd period - Evgeni Malkin wins face-off versus Danton Heinen in SAN FRANCISCO SPIDERS zone.
15:01 of 3rd period - Shot by Claude Giroux.
15:01 of 3rd period - Shot Misses the Net.
15:03 of 3rd period - Shot by Evgeni Malkin.
15:03 of 3rd period - Stopped by Collin Delia without a rebound.
15:04 of 3rd period - Brayden Point wins face-off versus Kirby Dach in SAN FRANCISCO SPIDERS zone.
15:26 of 3rd period - Darnell Nurse is hit by Elias Lindholm and loses puck.
15:30 of 3rd period - Darnell Nurse is hit by Jaccob Slavin and loses puck.
15:36 of 3rd period - Icing by Jaccob Slavin.
15:37 of 3rd period - Elias Lindholm wins face-off versus Danton Heinen in SAN JOSE BRONCOS zone.
16:14 of 3rd period - Shot by Evgeni Malkin.
16:14 of 3rd period - Shot Misses the Net.
16:27 of 3rd period - Evgeni Malkin is hit by Jordan Oesterle and loses puck.
16:52 of 3rd period - Shot by Dominik Kahun.
16:52 of 3rd period - Goal by Dominik Kahun - SAN FRANCISCO SPIDERS : 2 - SAN JOSE BRONCOS : 6.
16:53 of 3rd period - Nick Bonino wins face-off versus Kirby Dach in neutral zone.
17:02 of 3rd period - Shot by Jesper Bratt.
17:02 of 3rd period - Stopped by Collin Delia without a rebound.
17:03 of 3rd period - Nick Bonino wins face-off versus Calle Jarnkrok in SAN FRANCISCO SPIDERS zone.
17:14 of 3rd period - Shot by Nick Bonino.
17:14 of 3rd period - Stopped by Collin Delia with a rebound.
17:16 of 3rd period - Shot by Anthony Beauvillier.
17:16 of 3rd period - Shot Misses the Net.
17:18 of 3rd period - Shot by Nick Bonino.
17:18 of 3rd period - Shot Blocked by Darnell Nurse.
17:20 of 3rd period - Shot by Nick Bonino.
17:20 of 3rd period - Shot Misses the Net.
17:22 of 3rd period - Shot by Jaccob Slavin.
17:22 of 3rd period - Stopped by Collin Delia with a rebound.
17:53 of 3rd period - Icing by Neal Pionk.
17:54 of 3rd period - Kirby Dach wins face-off versus Nick Bonino in SAN JOSE BRONCOS zone.
19:41 of 3rd period - Off-side.
19:42 of 3rd period - Danton Heinen wins face-off versus Charlie Coyle in neutral zone.
19:58 of 3rd period - Icing by Jordan Oesterle.
19:59 of 3rd period - Evgeni Malkin wins face-off versus Danton Heinen in SAN FRANCISCO SPIDERS zone.
Goals for this period are 2 for SAN FRANCISCO SPIDERS vs 1 for SAN JOSE BRONCOS.
Shots for this period are 5 for SAN FRANCISCO SPIDERS vs 16 for SAN JOSE BRONCOS.


AUSTON
MATTHEWS
JOEL
ERIKSSON
MATHEW
BARZAL

EAST COAST

HOCKEY LEAGUE

  • 21.PIT7MAN3
  • 22.ATL3NHW4
  • 23.WOR5PET4
  • 24.3RHI4
  • 25.QUECHI
  • 26.CHALIM
  • 27.TRVLON
  • 28.CHWBAL